 Dungeon Crawl Stone Soup version 0.31-a0-217-g58bb5d79cf (webtiles) character file.

Game seed: 2814602474902013322

4764 qw the Cleaver (level 10, -12/64 HPs)
             Began as a Gargoyle Fighter on July 3, 2023.
             Mangled by a two-headed ogre
             ... wielding a +0 giant spiked club
              (20 damage)
             ... on level 9 of the Dungeon.
             The game lasted 00:03:37 (7670 turns).

qw the Cleaver (Gargoyle Fighter)                   Turns: 7670, Time: 00:03:38

Health: -12/64     AC: 30    Str: 24    XL:     10   Next: 47%
Magic:  10/10      EV:  9    Int: 12    God:
Gold:   340        SH:  5    Dex: 15    Spells: 9/9 levels left

rFire   . . .        n - +2 flail (protect)
rCold   . . .        c - +0 buckler
rNeg    + + .        a - +0 chain mail
rPois   inf          h - +0 helmet {Int+3}
rElec   +            (no cloak)
rCorr   .            o - +0 pair of gloves
SInv    .            (no boots)
Will    .....        (no amulet) Stlth
                     i - +6 ring of dexterity
HPRegen 0.30/turn    k - ring "Ruterch" {rElec rN+ AC+4}
MPRegen 0.12/turn

%: no passive effects
@: about to teleport, under a protective aura
A: sickness immunity, AC +7, negative energy resistance 1, electricity
resistance, torment resistance 1, petrification resistance
a: no special abilities


You were on level 9 of the Dungeon.
You visited 2 branches of the dungeon, and saw 10 of its levels.

You collected 340 gold pieces.


Innate Abilities, Weirdness & Mutations

You are immune to sickness and miasma.
Your stone body is resilient. (AC +7)
You are immune to poison.
You resist negative energy. (rN+)
You are resistant to electric shocks. (rElec)
You are resistant to unholy torment.
You are immune to petrification.


   Skills:
 - Level 8.1 Fighting
 + Level 10.6 Axes
 - Level 3.0 Throwing
 - Level 5.1 Armour
 - Level 2.7 Dodging
 - Level 5.0 Shields


You had 9 spell levels left.
You didn't know any spells.
Your spell library was empty.

Inventory:

Hand Weapons
 f - a +0 hand axe
 n - a +2 flail of protection (weapon)
 Y - a +3 war axe of chaos
Armour
 a - a +0 chain mail (worn)
 c - a +0 buckler (worn)
 h - a +0 helmet of intelligence (worn)
 o - a +0 pair of gloves (worn)
Jewellery
 i - a +6 ring of dexterity (left hand)
 k - the ring "Ruterch" (right hand) {rElec rN+ AC+4}
   (You found it on level 3 of the Dungeon)

   [ring of protection]

   AC:        It affects your AC (+4).
   rElec:     It insulates you from electricity.
   rN:        It protects you from negative energy.
Scrolls
 b - a scroll of teleportation
 r - 2 scrolls of identify
Potions
 d - 2 potions of might
 e - 3 potions of attraction
 g - a potion of magic
 j - a potion of cancellation {unknown}
 l - 8 potions of curing
 m - 3 potions of haste
 p - a potion of ambrosia {unknown}

Dungeon Overview and Level Annotations

Branches:
Dungeon (9/15)             Temple (1/1) D:7
   Lair: D:8-11         Orc: D:9-12

Altars:
Ashenzari
Gozag
Hepliaklqana
Kikubaaqudgha
Nemelex Xobeh
Qazlal
Ru
Sif Muna
Trog
Uskayaw
Vehumet
Wu Jian
Xom
Yredelemnul
Zin
The Shining One

Annotations:
D:4 exclusions: goblin, hobgoblin and kobold


Message History

The vampire completely misses you. The two-headed ogre closely misses you.
The two-headed ogre hits you with a +0 giant club!
You slash the two-headed ogre! You burn the two-headed ogre.
The two-headed ogre is almost dead.
You hit the vampire but do no damage.
The vampire suddenly seems more agile.
You slash the steam dragon! You closely miss the kobold brigand.
The kobold brigand hits you but does no damage.
The steam dragon bites you. The steam dragon barely misses you.
The vampire closely misses you.
The vampire bites you but does no damage.
The two-headed ogre hits you with a +0 giant spiked club!
You block the two-headed ogre's attack.
7667 ||| SWAPPING to +2 flail of protection.
Your +2 flail of protection hums with potential!
n - a +2 flail of protection (weapon)
The kobold brigand hits you but does no damage.
The steam dragon barely misses you. You block the steam dragon's attack.
The vampire hits you but does no damage.
You block the vampire's attack.
You hit the two-headed ogre.
Your weapon exudes an aura of protection.
The two-headed ogre is almost dead.
You block the two-headed ogre's attack.
The two-headed ogre hits you with a +0 giant club!!
The steam dragon closely misses you. The steam dragon barely misses you.
You block the vampire's attack. The vampire closely misses you.
The kobold brigand hits you but does no damage.
7669 ||| READING 2 scrolls of teleportation.
As you read the scroll of teleportation, it crumbles to dust.
You feel strangely unstable.
The two-headed ogre hits you but does no damage.
The two-headed ogre barely misses you.
The kobold brigand hits you but does no damage.
You block the steam dragon's attack. The steam dragon barely misses you.
The vampire hits you but does no damage.
The vampire bites you but does no damage.
You hit the two-headed ogre.
The two-headed ogre is almost dead.
The two-headed ogre hits you with a +0 giant spiked club!!
You die...

#.######.<.#
#.# ###..
####.# # ..
#../.# ##
#.#### ..#
#.# .#.[ #.#
F###.
#.##.YF#./
#.@OD#FY.#
#DKV###$##
#.cy.#...#
####...#.(
#.###. ..#.(
...# #.##


You could see a four-headed hydra, a two-headed ogre (berserk, drained), 2 yaks,
a vampire (agile), a steam dragon, a vampire mosquito, a kobold brigand (agile),
3 bullfrogs and a centaur.

Vanquished Creatures
  A two-headed ogre (D:9)
  A cyclops (D:7)
  4 yaks (D:8)
  Eustachio (D:5)
  Edmund (D:5)
  2 water moccasins
  Duvessa (D:4)
  2 ice beasts (D:6)
  4 sky beasts
  A black bear (D:8)
  An ogre (D:5)
  2 centaurs
  A phantom (D:6)
  A kobold brigand (D:6)
  3 bullfrogs
  2 scorpions
  6 wights
  Dowan (D:4)
  A killer bee (D:9)
  3 howler monkeys
  2 gnoll boudas
  4 orc priests
  3 hounds
  A jelly (D:6)
  Jessica (D:3)
  Ijyb (D:3)
  An iguana (D:6)
  5 orc wizards
  Terence (D:3)
  7 gnolls
  9 adders
  A shadow imp (D:7)
  2 white imps (D:6)
  2 ufetubi
  A worm (D:3)
  3 dart slugs
  25 orcs
  6 bats
  7 endoplasms
  4 giant cockroaches
  9 goblins
  9 hobgoblins
  12 kobolds
  3 quokkas
  7 ball pythons
  3 frilled lizards
  7 rats
175 creatures vanquished.

Notes
Turn   | Place    | Note
-------+----------+-------------------------------------------
     0 | D:1      | qw the Gargoyle Fighter began the quest for the Orb.
     0 | D:1      | Reached XP level 1. HP: 14/14 MP: 1/1
     0 | D:1      | 0 ||| qw: Version: 0.3-a-40-ge99b1a8
     0 | D:1      | 0 ||| qw: Game counter: 292
     0 | D:1      | 0 ||| qw: Melee chars always use a shield: true
     0 | D:1      | 0 ||| qw: God list: Okawaru
     0 | D:1      | 0 ||| qw: Allow faded altars: false
     0 | D:1      | 0 ||| qw: Do Orc after clearing Dungeon:15 true
     0 | D:1      | 0 ||| qw: Do second Lair branch before Depths: true
     0 | D:1      | 0 ||| qw: Lair rune preference: random
     0 | D:1      | 0 ||| qw: Goals: Normal, Zot:1-4, Slime:5, God:TSO, Crypt,
                  | Tomb, Abyss, Pan, Hells, Win
     0 | D:1      | 0 ||| PLANNING D:1-11
    61 | D:1      | 61 ||| SWAPPING to +1 war axe of venom.
    62 | D:1      | 62 ||| DROPPING +0 war axe.
    74 | D:1      | 74 ||| Stepping ~*~*~tactically~*~*~ (hiding).
    75 | D:1      | 75 ||| Stepping ~*~*~tactically~*~*~ (hiding).
    80 | D:1      | Reached skill level 2 in Axes
    86 | D:1      | 86 ||| Stepping ~*~*~tactically~*~*~ (hiding).
    94 | D:1      | Reached XP level 2. HP: 18/19 MP: 2/2
   292 | D:1      | 292 ||| Stepping ~*~*~tactically~*~*~ (stealth).
   294 | D:1      | 294 ||| Stepping ~*~*~tactically~*~*~ (stealth).
   330 | D:1      | 330 ||| Stepping ~*~*~tactically~*~*~ (stealth).
   343 | D:1      | 343 ||| Stepping ~*~*~tactically~*~*~ (stealth).
   380 | D:1      | Reached skill level 3 in Axes
   385 | D:1      | 385 ||| Stepping ~*~*~tactically~*~*~ (stealth).
   474 | D:1      | 474 ||| Stepping ~*~*~tactically~*~*~ (hiding).
   480 | D:1      | Reached XP level 3. HP: 23/23 MP: 3/3
   693 | D:1      | 693 ||| READING scroll labelled SAANINGUMI.
   694 | D:1      | 694 ||| READING scroll labelled LEBUELYTAR.
   695 | D:1      | 695 ||| READING scroll labelled NEYPISIXAM.
  1080 | D:2      | Reached XP level 4. HP: 28/28 MP: 4/4
  1115 | D:2      | Found a faded altar of an unknown god.
  1206 | D:2      | 1206 ||| UPGRADING to +0 helmet of intelligence.
  1211 | D:2      | 1211 ||| UPGRADING to +6 ring of dexterity.
  1212 | D:2      | 1212 ||| READING 3 scrolls labelled LEOT RYAVOEXTE.
  1213 | D:2      | 1213 ||| READING scroll labelled POHAOFUVVOO.
  1214 | D:2      | 1214 ||| READING scroll labelled CEULIE UPHOW.
  1215 | D:2      | 1215 ||| READING scroll labelled GUNARAS GEYDOA.
  1216 | D:2      | 1216 ||| DRINKING 2 bubbling red potions.
  1217 | D:2      | 1217 ||| DROPPING 2 scrolls of vulnerability.
  1304 | D:3      | Reached skill level 1 in Dodging
  1332 | D:3      | 1332 ||| DROPPING +0 whip.
  1389 | D:3      | Noticed Ijyb
  1397 | D:3      | Killed Ijyb
  1398 | D:3      | Reached skill level 4 in Axes
  1516 | D:3      | Identified the ring "Ruterch" {rElec rN+ AC+4}
  1622 | D:3      | Reached XP level 5. HP: 31/32 MP: 5/5
  1695 | D:3      | Noticed Terence
  1703 | D:3      | Killed Terence
  1706 | D:3      | 1706 ||| Stepping ~*~*~tactically~*~*~ (stealth).
  1892 | D:3      | Noticed Jessica
  1893 | D:3      | 1893 ||| Stepping ~*~*~tactically~*~*~ (hiding).
  1897 | D:3      | Killed Jessica
  1981 | D:3      | 1981 ||| DROPPING +0 flail.
  2073 | D:3      | 2073 ||| UPGRADING to ring "Ruterch" {rElec rN+ AC+4}.
  2074 | D:3      | 2074 ||| READING scroll labelled VUBBAO ANAANEUHA.
  2075 | D:3      | 2075 ||| DRINKING 2 pink potions.
  2076 | D:3      | 2076 ||| DRINKING 3 green potions.
  2083 | D:4      | 2083 ||| Stepping ~*~*~tactically~*~*~ (hiding).
  2085 | D:4      | 2085 ||| Stepping ~*~*~tactically~*~*~ (stealth).
  2086 | D:4      | 2086 ||| Stepping ~*~*~tactically~*~*~ (hiding).
  2087 | D:4      | 2087 ||| Stepping ~*~*~tactically~*~*~ (hiding).
  2092 | D:4      | Reached skill level 5 in Axes
  2118 | D:4      | 2118 ||| Stepping ~*~*~tactically~*~*~ (hiding).
  2143 | D:4      | 2143 ||| Stepping ~*~*~tactically~*~*~ (stealth).
  2144 | D:4      | 2144 ||| Stepping ~*~*~tactically~*~*~ (stealth).
  2179 | D:4      | Reached XP level 6. HP: 39/39 MP: 6/6
  2219 | D:4      | Noticed a water moccasin
  2229 | D:4      | Killed a water moccasin
  2251 | D:4      | Noticed Dowan
  2252 | D:4      | Noticed Duvessa
  2259 | D:4      | Killed Dowan
  2263 | D:4      | Killed Duvessa
  2264 | D:4      | Reached skill level 6 in Axes
  2264 | D:4      | Reached XP level 7. HP: 24/44 MP: 7/7
  2477 | D:4      | 2477 ||| Stepping ~*~*~tactically~*~*~ (hiding).
  2480 | D:4      | 2480 ||| Stepping ~*~*~tactically~*~*~ (hiding).
  2714 | D:4      | 2714 ||| Stepping ~*~*~tactically~*~*~ (stealth).
  2716 | D:4      | 2716 ||| Stepping ~*~*~tactically~*~*~ (stealth).
  3005 | D:4      | Found a bloodstained altar of Trog.
  3008 | D:4      | 3008 ||| UPGRADING to +0 pair of gloves.
  3015 | D:4      | 3015 ||| READING scroll labelled BIUSIT UGONGAE.
  3016 | D:4      | 3016 ||| FLEEEEING.
  3017 | D:4      | 3017 ||| FLEEEEING.
  3023 | D:4      | 3023 ||| FLEEEEING.
  3024 | D:4      | 3024 ||| FLEEEEING.
  3025 | D:4      | 3025 ||| FLEEEEING.
  3026 | D:4      | 3026 ||| FLEEEEING.
  3027 | D:4      | 3027 ||| FLEEEEING.
  3192 | D:4      | 3192 ||| DRINKING 2 amethyst potions.
  3215 | D:5      | Entered Level 5 of the Dungeon
  3260 | D:5      | 3260 ||| Stepping ~*~*~tactically~*~*~ (hiding).
  3448 | D:5      | Reached skill level 7 in Axes
  3702 | D:5      | 3702 ||| Stepping ~*~*~tactically~*~*~ (stealth).
  3704 | D:5      | 3704 ||| Stepping ~*~*~tactically~*~*~ (hiding).
  3713 | D:5      | Reached XP level 8. HP: 49/49 MP: 8/8
  3736 | D:5      | Found an ancient bone altar of Kikubaaqudgha.
  3785 | D:5      | Noticed Edmund
  3793 | D:5      | Killed Edmund
  3850 | D:5      | Noticed Eustachio
  3880 | D:5      | Killed Eustachio
  4190 | D:5      | 4190 ||| READING scroll of enchant weapon.
  4190 | D:5      | 4190 ||| ENCHANTING +2 war axe of venom.
  4291 | D:5      | 4291 ||| UPGRADING to +0 chain mail.
  4301 | D:5      | 4301 ||| DROPPING +0 scale mail.
  4328 | D:6      | Reached skill level 8 in Axes
  4404 | D:6      | 4404 ||| Stepping ~*~*~tactically~*~*~ (stealth).
  4411 | D:6      | Reached XP level 9. HP: 54/54 MP: 9/9
  4509 | D:6      | 4509 ||| Stepping ~*~*~tactically~*~*~ (stealth).
  4518 | D:6      | Reached skill level 6 in Fighting
  4520 | D:6      | 4520 ||| Stepping ~*~*~tactically~*~*~ (stealth).
  4521 | D:6      | 4521 ||| Stepping ~*~*~tactically~*~*~ (stealth).
  4522 | D:6      | 4522 ||| Stepping ~*~*~tactically~*~*~ (stealth).
  4523 | D:6      | 4523 ||| Stepping ~*~*~tactically~*~*~ (stealth).
  4528 | D:6      | 4528 ||| Stepping ~*~*~tactically~*~*~ (stealth).
  4586 | D:6      | 4586 ||| Stepping ~*~*~tactically~*~*~ (hiding).
  4707 | D:6      | 4707 ||| Stepping ~*~*~tactically~*~*~ (hiding).
  4709 | D:6      | 4709 ||| Stepping ~*~*~tactically~*~*~ (hiding).
  4710 | D:6      | 4710 ||| Stepping ~*~*~tactically~*~*~ (hiding).
  4876 | D:6      | 4876 ||| Stepping ~*~*~tactically~*~*~ (stealth).
  4877 | D:6      | 4877 ||| Stepping ~*~*~tactically~*~*~ (stealth).
  5016 | D:6      | Reached skill level 9 in Axes
  5256 | D:7      | 5256 ||| Stepping ~*~*~tactically~*~*~ (hiding).
  5371 | D:7      | 5371 ||| Stepping ~*~*~tactically~*~*~ (stealth).
  5377 | D:7      | Reached skill level 3 in Throwing
  5385 | D:7      | 5385 ||| Stepping ~*~*~tactically~*~*~ (stealth).
  5386 | D:7      | 5386 ||| Stepping ~*~*~tactically~*~*~ (stealth).
  5414 | D:7      | 5414 ||| Stepping ~*~*~tactically~*~*~ (stealth).
  5415 | D:7      | 5415 ||| Stepping ~*~*~tactically~*~*~ (stealth).
  5426 | D:7      | 5426 ||| Stepping ~*~*~tactically~*~*~ (hiding).
  5489 | D:7      | Found a sacrificial altar of Ru.
  5725 | D:7      | 5725 ||| FLEEEEING.
  5726 | D:7      | 5726 ||| FLEEEEING.
  5727 | D:7      | 5727 ||| FLEEEEING.
  5729 | D:7      | 5729 ||| FLEEEEING.
  5730 | D:7      | 5730 ||| FLEEEEING.
  5731 | D:7      | 5731 ||| FLEEEEING.
  5732 | D:7      | 5732 ||| FLEEEEING.
  5733 | D:7      | 5733 ||| FLEEEEING.
  5734 | D:7      | 5734 ||| FLEEEEING.
  5735 | D:7      | 5735 ||| FLEEEEING.
  5736 | D:7      | 5736 ||| FLEEEEING.
  5737 | D:7      | 5737 ||| FLEEEEING.
  5808 | D:7      | Found a staircase to the Ecumenical Temple.
  5809 | D:7      | 5809 ||| PLANNING TEMPLE
  5817 | Temple   | Entered the Ecumenical Temple
  5817 | Temple   | Found a transporter.
  5817 | Temple   | Found a transporter.
  5819 | Temple   | Found a transporter.
  5819 | Temple   | Found a transporter.
  5829 | Temple   | 5829 ||| PLANNING D:1-11
  6068 | D:7      | Noticed a cyclops
  6078 | D:7      | Killed a cyclops
  6200 | D:7      | 6200 ||| Stepping ~*~*~tactically~*~*~ (stealth).
  6204 | D:7      | 6204 ||| Stepping ~*~*~tactically~*~*~ (hiding).
  6542 | D:7      | 6542 ||| READING scroll labelled EMAGIM ZOSMOES.
  6543 | D:7      | 6543 ||| READING scroll labelled CAEDONYNGAPT.
  6544 | D:7      | 6544 ||| READING scroll labelled KIRO CESSE.
  6545 | D:7      | 6545 ||| DRINKING 4 coppery potions.
  6546 | D:7      | 6546 ||| DROPPING 3 potions of brilliance.
  6648 | D:8      | Reached skill level 10 in Axes
  6648 | D:8      | Reached XP level 10. HP: 63/63 MP: 10/10
  6677 | D:8      | 6677 ||| Stepping ~*~*~tactically~*~*~ (hiding).
  6927 | D:8      | 6927 ||| Stepping ~*~*~tactically~*~*~ (stealth).
  6929 | D:8      | 6929 ||| Stepping ~*~*~tactically~*~*~ (stealth).
  7276 | D:8      | 7276 ||| DROPPING ring of positive energy.
  7277 | D:8      | 7277 ||| READING scroll labelled LAD BAFAETIUCK.
  7337 | D:8      | 7337 ||| DRINKING 2 fuming dark potions.
  7442 | D:8      | 7442 ||| DROPPING potion of berserk rage.
  7457 | D:9      | Noticed a two-headed ogre
  7466 | D:9      | Killed a two-headed ogre
  7467 | D:9      | 7467 ||| FLEEEEING.
  7468 | D:9      | 7468 ||| FLEEEEING.
  7469 | D:9      | 7469 ||| FLEEEEING.
  7470 | D:9      | 7470 ||| FLEEEEING.
  7472 | D:9      | 7472 ||| STAIRDANCE
  7587 | D:9      | 7587 ||| Stepping ~*~*~tactically~*~*~ (stealth).
  7657 | D:9      | Noticed a two-headed ogre
  7660 | D:9      | Noticed a four-headed hydra
  7667 | D:9      | 7667 ||| SWAPPING to +2 flail of protection.
  7668 | D:9      | HP: 8/64 [two-headed ogre/+0 giant spiked club (21)]
  7669 | D:9      | 7669 ||| READING 2 scrolls of teleportation.
  7670 | D:9      | Mangled by a two-headed ogre

Levels and vault maps discovered:
D:1:      nicolae_arrival_washed_ashore, layout_loops_cross
D:2:      layout_rooms, shapermc_ecumenical_altar_hornbeckon,
          minmay_randomly_rotated_circles
D:3:      layout_loops_ring, minmay_misc_feat_x, uniq_jessica, uniq_ijyb,
          uniq_terence
D:4:      layout_basic, trog_hazing_becter, serial_aquarium,
          aquarium_bridge_long_separate [aquarium_subvault_bridge,
          aquarium_subvault_window, aquarium_subvault_bridge,
          aquarium_subvault_wall, aquarium_subvault_bridge,
          aquarium_subvault_bridge], aquarium_bridge_square
          [aquarium_subvault_bridge, aquarium_subvault_bridge,
          aquarium_subvault_window, aquarium_subvault_bridge],
          aquarium_window_fake, aquarium_window_1, aquarium_window_fake,
          aquarium_view_2e, aquarium_view_2e, aquarium_balcony_5b,
          dk_vineyard_3, uniq_duvessa
D:5:      layout_basic, kennysheep_mini_moat, minivault_23, uniq_edmund,
          uniq_eustachio
D:6:      layout_rooms, minmay_increasing_density
D:7:      layout_basic, nicolae_ru_sacrificial_ziggurat,
          minmay_temple_entry_steel_oval, eino_tiny_chamber
D:8:      layout_gridville
D:9:      layout_cave_pools, serial_gnoll_camp, gnoll_camp_mini_hut,
          gnoll_camp_huts_moat, gnoll_camp_mini_house, gnoll_camp_mini_sergeant,
          grums_kennel, gnoll_camp_mini_house, gammafunk_ghost_necromancy,
          kennysheep_kite_vault
Temple:   hellmonk_temple_divided_pantheon

Skill      XL: |  1  2  3  4  5  6  7  8  9 10 |
---------------+-------------------------------+-----
Axes           | 2 3 4 5 6 7 8 10 | 10.6
Dodging        | 1 2 |  2.7
Fighting       | 4 5 7 8 |  8.1
Throwing       | 2 3 |  3.0
Armour         | 4 5 |  5.1
Shields        | 4 5 |  5.0

Action                     |  1- 3 |  4- 6 |  7- 9 | 10-12 || total
---------------------------+-------+-------+-------+-------++-------
  Melee: War axe           |    86 |    97 |   232 |    38 ||   453
         Flail             |       |       |       |     2 ||     2
  Throw: Javelin           |       |       |    51 |    20 ||    71
    Use: Scroll            |     3 |     5 |     5 |     2 ||    15
         Potion            |       |     3 |     2 |     1 ||     6
   Stab: Confused          |       |       |       |     1 ||     1
 Armour: Scale mail        |    50 |    44 |    62 |       ||   156
         Chain mail        |       |       |    75 |    33 ||   108
  Dodge: Dodged            |    22 |    36 |    82 |    23 ||   163
  Block: Buckler           |    10 |    18 |    46 |    19 ||    93

Table legend:
 A = Non-vault XP
 B = Vault XP
 C = Vault XP percentage of total XP
 D = Non-vault monster count
 E = Vault monster count
 F = Vault count percentage of total count
                 A         B        C        D         E       F
            +---------+---------+-------+---------+---------+-------
      Total |    5477 |    1330 |  19.5 |     145 |      30 |  17.1
            +---------+---------+-------+---------+---------+-------
        D:1 |      40 |       0 |   0.0 |      26 |       0 |   0.0
        D:2 |      30 |      12 |  28.6 |      11 |       6 |  35.3
        D:3 |      75 |     105 |  58.3 |      18 |       3 |  14.3
        D:4 |     320 |     217 |  40.4 |      23 |       4 |  14.8
        D:5 |     523 |     353 |  40.3 |      15 |       2 |  11.8
        D:6 |    1014 |     406 |  28.6 |      20 |       9 |  31.0
        D:7 |    1404 |       0 |   0.0 |      19 |       0 |   0.0
        D:8 |    1126 |       0 |   0.0 |      11 |       0 |   0.0
        D:9 |     945 |     237 |  20.1 |       2 |       6 |  75.0
            +---------+---------+-------+---------+---------+-------
